 Dungeon Crawl Stone Soup version 0.30-a0-373-gd37427bb62 (webtiles) character file.

Game seed: 5709122550741288960

22 purpskrrrp the Trooper (level 2, -5/24 HPs)
             Began as a Demonspawn Chaos Knight on Nov 25, 2022.
             Was a Plaything of Xom.
             Slain by a worm (12 damage)
             ... on level 2 of the Dungeon.
             The game lasted 00:01:34 (758 turns).

purpskrrrp the Trooper (Demonspawn Chaos Knight)     Turns: 758, Time: 00:01:35

Health: -5/24      AC:  7    Str: 12    XL:     2   Next: 68%
Magic:  2/2        EV: 11    Int: 13    God:    Xom [*.....]
Gold:   57         SH:  0    Dex: 12    Spells: 1/1 levels left

rFire   . . .      SeeInvis .    a - +0 hand axe (chaos)
rCold   . . .      Faith    .    (no shield)
rNeg    . . .      Spirit   .    b - +2 leather armour
rPois   .          Reflect  .    (no helmet)
rElec   .          Harm     .    (no cloak)
rCorr   .          Rampage  .    (no gloves)
Will    .....                    (no boots)
Stlth   +.........               (no amulet)
HPRegen 0.24/turn                (no ring)
MPRegen 0.08/turn                (no ring)

@: no status effects
A: icy blue scales 1
a: Renounce Religion


You were on level 2 of the Dungeon.
You worshipped Xom.
You were a special plaything of Xom.
You visited 1 branch of the dungeon, and saw 2 of its levels.

You collected 57 gold pieces.

Inventory:

Hand Weapons
 a - a +0 hand axe of chaos (weapon)
Armour
 b - a +2 leather armour (worn)
Potions
 d - a potion of mutation {unknown}
 e - 2 potions of curing {unknown}
 f - a potion of cancellation {unknown}
Miscellaneous
 c - a piece from Xom's chessboard (15/15)


   Skills:
 + Level 3.2 Fighting
 + Level 3.0 Axes
 + Level 2.1 Armour
 + Level 1.3 Dodging


You had one spell level left.
You didn't know any spells.
Your spell library was empty.

Dungeon Overview and Level Annotations

Branches:
Dungeon (2/15)

Altars:

Shops:
D:1 (


Innate Abilities, Weirdness & Mutations

You are partially covered in icy blue scales. (AC +2)


Message History

You see here a +0 dagger.
The worm barely misses you.
You hit the worm. You burn the worm.
The worm is lightly wounded.
You hit the worm but do no damage.
The worm flickers and vanishes!
Deactivating autopickup; reactivate with Ctrl-A.
Xom is mildly amused.
Something bites you.
No target in view!
No target in view!
No target in view!
No target in view!
No target in view!
No target in view!
No target in view!
No target in view!
No target in view!
No target in view!
No target in view!
No target in view!
No target in view!
No target in view!
No target in view!
No target in view!
No target in view!
No target in view!
No target in view!
No target in view!
No target in view!
You closely miss something. You hit something. You burn something.
Something bites you but does no damage.
You closely miss something. Something completely misses you.
You completely miss something. Something bites you.
You hit something.
Nothing appears to happen.
Something bites you!
* * * LOW HITPOINT WARNING * * *
You barely miss something.
Okay, then.
You hit something but do no damage. Something bites you!
Ouch! That really hurt!
You die...

## ... ##..
....
#.##..#####
.......@)<#
#.###.{.###
#.#.# #..>.
#####


There were no monsters in sight!

Vanquished Creatures
  2 endoplasms (D:1)
  6 goblins
  2 hobgoblins (D:1)
  3 quokkas (D:1)
  A ball python (D:1)
  A frilled lizard (D:1)
  2 kobolds (D:1)
  A rat (D:1)
18 creatures vanquished.

Notes
Turn   | Place    | Note
-------+----------+-------------------------------------------
     0 | D:1      | purpskrrrp the Demonspawn Chaos Knight began the quest for
                  | the Orb.
     0 | D:1      | Reached XP level 1. HP: 18/18 MP: 1/1
    21 | D:1      | XOM: silly message
    64 | D:1      | Reached skill level 1 in Dodging
   103 | D:1      | XOM: silly message
   127 | D:1      | XOM: potion effect (might)
   135 | D:1      | Gained mutation: You are partially covered in icy blue
                  | scales. (AC +2) [demonic ancestry]
   135 | D:1      | Reached XP level 2. HP: 23/24 MP: 2/2
   559 | D:1      | Found Vunium's Weapon Shop.
   675 | D:1      | XOM: divination: detect creatures
   758 | D:2      | Slain by a worm

Illustrated notes

Levels and vault maps discovered:
D:1:      scummos_arrival_gate, layout_loops_cross, serial_shops,
          nicolae_shop_advertising_works [nicolae_subvault_shop_adworks],
          minmay_misc_feat_rows
D:2:      layout_basic, shapermc_ecumenical_altar_venn,
          minmay_indecisive_spiral, uniq_terence, uniq_jessica

Skill      XL: |  1  2 |
---------------+-------+-----
Dodging        | 1 |  1.3
Armour         | 2 |  2.1
Axes           | 3 |  3.0
Fighting       | |  3.2

Action                   || total
-------------------------++-------
Melee: Hand axe          ||    47
 Stab: Sleeping          ||     1
Armor: Leather armour    ||    10
Dodge: Dodged            ||    25

Table legend: (Time is in decaauts)
 A = Elapsed time spent in this place.
 B = Non-inter-level travel time spent in this place.
 C = Inter-level travel time spent in this place.
 D = Time resting spent in this place.
 E = Time spent auto-exploring this place.
 F = Levels seen in this place.
 G = Mean time per level.
                   A        B        C        D        E       F      G
               +--------+--------+--------+--------+--------+-----+--------+
         Total |    764 |    718 |     46 |      0 |    609 |   2 |  382.0 |
       Dungeon |    764 |    718 |     46 |      0 |    609 |   2 |  382.0 |
               +--------+--------+--------+--------+--------+-----+--------+

Top non-repeatable levels by time:
     D:1: 751 daAuts
     D:2: 13 daAuts
